 Dungeon Crawl Stone Soup version 0.27.1-35-g4d5d836560 (console) character file.

Game seed: 2912439852138283150

123 Banquo the Chopper (level 5, -1/41 HPs)
             Began as a Formicid Fighter on Mar 21, 2022.
             Was a Believer of Dithmenos.
             Slain by a water moccasin (3 damage)
             ... in a sewer.
             The game lasted 00:09:26 (2939 turns).

Banquo the Chopper (Formicid Fighter)               Turns: 2939, Time: 00:09:27

Health: -1/41      AC:  6    Str: 20 (21) XL:     5   Next: 28%
Magic:  5/5        EV:  7    Int:  6 (8)  God:    Dithmenos [**....]
Gold:   165        SH:  9    Dex:  7 (10) Spells: 4/4 levels left

rFire    . . .     SeeInvis +   q - +0 war axe
rCold    + . .     Faith    .   c - +0 kite shield
rNeg     . . .     Spirit   .   b - +0 scale mail
rPois    +         Reflect  .   (helmet unavailable)
rElec    .         Harm     .   (no cloak)
rCorr    .         Rampage  .   (no gloves)
Will     .....                  (no boots)
Stlth    ..........             (no amulet)
HPRegen  0.13/turn              C - ring of protection from cold
MPRegen  0.09/turn              P - ring of poison resistance

@: mighty, wreathed by umbra
A: permanent stasis, dig shafts and tunnels, antennae 3, four strong arms
a: Dig, Renounce Religion, Shadow Step


You were in a sewer.
You worshipped Dithmenos.
Dithmenos was pleased with you.
You visited 1 branch of the dungeon, and saw 3 of its levels.
You also visited: Sewer.

You collected 165 gold pieces.

Inventory:

Hand Weapons
 a - a +0 broad axe
 l - a +0 spear
 q - a +0 war axe (weapon)
Missiles
 e - 3 boomerangs
 g - 34 poisoned darts
 h - 4 javelins
Armour
 b - a +0 scale mail (worn)
 c - a +0 kite shield (worn)
Jewellery
 C - a ring of protection from cold (left hand)
 P - a ring of poison resistance (right hand)
Wands
 p - a wand of flame (14)
Scrolls
 n - a scroll of amnesia
Potions
 o - a potion of degeneration


   Skills:
 - Level 3.2 Fighting
 + Level 5.1 Axes
 - Level 3.2 Armour
 - Level 3.6 Shields


You had 4 spell levels left.
You didn't know any spells.
Your spell library contained the following spells:

 Spells                   Type           Power      Damage    Failure   Level
 Animate Skeleton         Necr           0%         N/A       99%         1
 Apportation              Tloc           0%         N/A       99%         1
 Corona                   Hex            0%         N/A       99%         1
 Summon Small Mammal      Summ           0%         N/A       99%         1


Dungeon Overview and Level Annotations

Branches:
Dungeon (3/15)              Sewer (1/1)

Altars:
Dithmenos
Gozag
Okawaru
The Shining One


Innate Abilities, Weirdness & Mutations

You cannot be hasted, slowed, berserked, paralysed or teleported.
You can dig through walls and to a lower floor.
You have a pair of large antennae on your head. (SInv)
Your four strong arms can wield two-handed weapons with a shield.


Message History

There was something very wrong with that liquid.
You feel weakened.
You feel dopey.
You feel clumsy. The water moccasin bites you.
* * * LOW HITPOINT WARNING * * *
It was a potion of heal wounds.
You feel much better.
The water moccasin bites you but does no damage.
The water moccasin bites you.
You miss the water moccasin. You block the water moccasin's attack.
The water moccasin bites you but does no damage.
You slash the water moccasin!
The water moccasin is heavily wounded.
The water moccasin bites you.
You are poisoned.
The water moccasin poisons you! The water moccasin bites you!
You barely miss the water moccasin.
The water moccasin is heavily wounded.
You feel very sick. The water moccasin bites you.
You are more poisoned.
The water moccasin poisons you! The water moccasin bites you.
You miss the water moccasin.
The water moccasin is heavily wounded.
You feel very sick.
The water moccasin bites you but does no damage.
The water moccasin bites you.
* * * LOW HITPOINT WARNING * * *
You feel better. The water moccasin bites you.
You closely miss the water moccasin.
The water moccasin is heavily wounded.
You block the water moccasin's attack. The water moccasin bites you!
* * * LOW HITPOINT WARNING * * *
You miss the water moccasin.
The water moccasin is heavily wounded.
The water moccasin bites you.
* * * LOW HITPOINT WARNING * * *
You block the water moccasin's attack.
It was a potion of haste.
Your stasis prevents you from being hasted.
The water moccasin bites you.
You die...

#.# #.# #.#
####### #.#
##.....## #.#
#...≈...## #.#
...≈≈≈...#######.#
∩.≈≈≈≈≈..........#
...≈≈≈...#######@#
#...≈...## #S#
##.....## #.#
####### #.# ...
... ... .....


You could see a water moccasin.

Vanquished Creatures
  Natasha (twice) (D:3)
  A river rat (D:3)
  A worm (D:2)
  3 dart slugs
  5 endoplasms
  3 giant cockroaches
  4 goblins
  3 hobgoblins
  5 jackals (D:2)
  3 kobolds
  A quokka (D:3)
  4 ball pythons
  9 bats
  4 frilled lizards
  5 rats
53 creatures vanquished.

Notes
Turn   | Place    | Note
-------+----------+-------------------------------------------
     0 | D:1      | Banquo the Formicid Fighter began the quest for the Orb.
     0 | D:1      | Reached XP level 1. HP: 18/18 MP: 1/1
   267 | D:1      | Reached XP level 2. HP: 23/24 MP: 2/2
   322 | D:1      | Found a faded altar of an unknown god.
   330 | D:1      | Became a worshipper of Dithmenos the Shadowed
   330 | D:1      | Reached * piety under Dithmenos
   486 | D:1      | Reached skill level 3 in Axes
  1079 | D:2      | Reached XP level 3. HP: 18/29 MP: 3/3
  1813 | D:2      | Found an opulent altar of Gozag.
  2283 | D:3      | Found a glowing golden altar of the Shining One.
  2330 | D:3      | Found an iron altar of Okawaru.
  2341 | D:3      | Noticed Natasha
  2346 | D:3      | Killed Natasha
  2347 | D:3      | Reached skill level 4 in Axes
  2347 | D:3      | Reached XP level 4. HP: 20/35 MP: 4/4
  2560 | D:3      | Noticed Natasha
  2576 | D:3      | Killed Natasha
  2600 | D:3      | Reached XP level 5. HP: 31/41 MP: 5/5
  2703 | D:3      | Reached ** piety under Dithmenos
  2704 | D:3      | Reached skill level 5 in Axes
  2709 | D:3      | Found a glowing drain.
  2825 | Sewer    | Entered a sewer
  2910 | Sewer    | Noticed a water moccasin
  2928 | Sewer    | HP: 2/41 [water moccasin (8)]
  2938 | Sewer    | HP: 1/41 [water moccasin (5)]
  2939 | Sewer    | Slain by a water moccasin

Illustrated notes

Levels and vault maps discovered:
D:1:      saegor_arrival_simple_d, layout_basic,
          shapermc_ecumenical_altar_pompeii
D:2:      layout_basic, basic_altar, serial_glass, glass_columns_a,
          glass_columns_b, due_unseen_surprise, feat_on_display,
          minmay_strange_pillars
D:3:      layout_basic, okawaru_gym_becter, nicolae_tso_carved_into_rock,
          portal_sewer_entry_e, uniq_natasha
Sewer:    sewer_big_baddie

Skill      XL: |  1  2  3  4  5 |
---------------+----------------+-----
Axes           | 3 4 5 |  5.1
Fighting       | |  3.2
Armour         | |  3.2
Shields        | |  3.6

Action                   |  1- 3 |  4- 6 || total
-------------------------+-------+-------++-------
Melee: War axe           |    95 |    72 ||   167
 Abil: Dig               |     8 |     3 ||    11
  Use: Scroll            |     4 |     3 ||     7
       Potion            |       |     6 ||     6
Armor: Scale mail        |    32 |    40 ||    72
Dodge: Dodged            |    28 |    38 ||    66
Block: Kite shield       |    56 |    35 ||    91
